Match 42744095
Unlisted

Match 42744095
End
Construct Section Command Post
Infantry Section
Dingo Light Scout Car
Infantry Section
Infantry Section
Selects Indian Artillery Battlegroup
Grenade Package
Infantry Section
Construct Platoon Command Post
Humber Armored Car
Royal Engineer Section
6-pounder Anti-tank Gun Team
Selects Valour
Selects Gurkha Rifles Section
Selects Volunteer Infantry
Gurkha Rifles Section
Construct Company Command Post
Matilda II Heavy Tank
ttheadventure
Iron_Sarge69
KoreanAllAssholeScum
김수빈
YangXYZ
idjTO0rxIlnnmm
0
0

Comments sign in to comment!

No comments posted yet!